 Dungeon Crawl Stone Soup version 0.20.1-1-g8b1a95d (webtiles) character file.

143 slacker the Cudgeler (level 5, -1/32 HPs)
             Began as a Gargoyle Berserker on July 27, 2017.
             Was a Follower of Trog.
             Killed from afar by Natasha (8 damage)
             ... with a magic dart
             ... on level 2 of the Dungeon.
             The game lasted 00:03:13 (1510 turns).

slacker the Cudgeler (Gargoyle Berserker)           Turns: 1510, Time: 00:03:14

Health: -1/32      AC: 14    Str: 20    XL:     5   Next: 25%
Magic:  5/5        EV:  7    Int:  8    God:    Trog [*.....]
Gold:   91         SH:  7    Dex: 10    Spells: 4/4 levels left

rFire    . . .     SeeInvis .   a - +0 mace
rCold    . . .     Gourm    .   l - +0 shield
rNeg     + . .     Faith    .   n - +0 scale mail
rPois    ∞         Spirit   .   (no helmet)
rElec    +         Reflect  .   (no cloak)
rCorr    .         Harm     .   (no gloves)
MR       .....                  (no boots)
Stlth    ..........             (no amulet)
Regen    0.1/turn               f - +4 ring of protection
MPRegen  0.1/turn               (no ring)

@: berserk cooldown, slowed, very slow
A: negative energy resistance 1, electricity resistance, unbreathing,
petrification resistance, rot immunity, AC +4
a: Berserk, Burn Spellbooks, Renounce Religion


You were on level 2 of the Dungeon.
You worshipped Trog.
Trog was aware of your devotion.
You were not hungry.

You visited 1 branch of the dungeon, and saw 2 of its levels.

You collected 91 gold pieces.

Inventory:

Hand Weapons
 a - a +0 mace (weapon)
Armour
 b - a +0 animal skin
 l - a +0 shield (worn)
 n - a +0 scale mail (worn)
Jewellery
 f - a +4 ring of protection (left hand)
Scrolls
 g - a scroll of magic mapping {unknown}
 h - 3 scrolls of enchant weapon {unknown}
 i - 2 scrolls of teleportation {unknown}
 j - a scroll of recharging {unknown}
 k - a scroll of remove curse {unknown}
 p - a scroll of immolation {unknown}
Potions
 d - a potion of resistance {unknown}
 e - a potion of haste {unknown}
 m - a potion of heal wounds {unknown}
Comestibles
 c - 2 bread rations
 o - a chunk of flesh


   Skills:
 - Level 3.2 Fighting
 + Level 5.8 Maces & Flails
 - Level 2.1 Armour
 - Level 1.5 Dodging


You had 4 spell levels left.
You didn't know any spells.

Dungeon Overview and Level Annotations

Branches:
Dungeon (2/15)

Altars:

Annotations:
D:2 Natasha


Innate Abilities, Weirdness & Mutations

You are resistant to torment.
Your stone body is resilient. (AC +4)
You are immune to poison.
You resist negative energy. (rN+)
You are resistant to electric shocks. (rElec)
You can survive without breathing.
You are immune to petrification.
You are immune to rotting.


Message History

Natasha glows brightly for a moment.
Natasha casts a spell at you.
You feel as though you will be slow longer.
Natasha claws you.
* * * LOW HITPOINT WARNING * * *
You hit Natasha but do no damage.
Natasha is severely wounded.
Natasha barely misses you.
Your shield prevents you from hitting Natasha.
Natasha is severely wounded.
The white imp disappears in a puff of smoke!
You block Natasha's attack. Natasha barely misses you.
You closely miss Natasha.
Natasha is severely wounded.
Natasha barely misses you. Natasha claws you but does no damage.
You hit Natasha but do no damage.
Natasha is severely wounded.
Natasha casts a spell at you. The magic dart hits you!
You die...

g. .. #. . #h #.# #.
..# ### #. ##.# #..>
#.########..# .....
#))wh@.##..####.#.#
#.(.)###.......#....##
#..... ##.............
#.%..... #.......#
#.......##.<÷.).##
#.......##......#
##.....###......#
#.>=..# #......#
########


You could see a worm and Natasha.

Vanquished Creatures
  Terence (D:2)
  Natasha (D:2)
  5 gnolls (D:2)
  An adder (D:2)
  2 worms (D:2)
  A dart slug (D:1)
  A leopard gecko (D:1)
  3 goblins
  6 hobgoblins
  A quokka (D:2)
  2 bats (D:1)
  4 kobolds
  4 rats (D:1)
32 creatures vanquished.

Notes
Turn   | Place    | Note
-------+----------+-------------------------------------------
     0 | D:1      | slacker the Gargoyle Berserker began the quest for the Orb.
     0 | D:1      | Reached XP level 1. HP: 14/14 MP: 1/1
   401 | D:1      | Reached XP level 2. HP: 19/19 MP: 2/2
  1057 | D:1      | Reached skill level 4 in Maces & Flails
  1208 | D:2      | Noticed Terence
  1212 | D:2      | Noticed Natasha
  1215 | D:2      | Killed Terence
  1215 | D:2      | Reached XP level 3. HP: 23/23 MP: 3/3
  1220 | D:2      | Killed Natasha
  1220 | D:2      | Reached skill level 5 in Maces & Flails
  1220 | D:2      | Reached XP level 4. HP: 26/28 MP: 4/4
  1479 | D:2      | Reached XP level 5. HP: 12/32 MP: 5/5
  1488 | D:2      | Noticed Natasha
  1510 | D:2      | Killed from afar by Natasha

Skill      XL: |  1  2  3 |
---------------+----------+-----
Maces & Flails | 4 5 |  5.8
Fighting       | |  3.2
Armour         | |  2.1
Dodging        | |  1.5

Action                   |  1- 3 |  4- 6 || total
-------------------------+-------+-------++-------
Melee: Mace              |    75 |    56 ||   131
Invok: Berserk           |     1 |     1 ||     2
  Eat: Bread ration      |       |     1 ||     1
Armor: Animal skin       |    36 |     7 ||    43
       Scale mail        |       |    37 ||    37
Dodge: Dodged            |    87 |    26 ||   113
Block: Shield            |     6 |    22 ||    28
